 Dungeon Crawl Stone Soup version 0.27-a0-1245-g940ed4fa31 (webtiles) character file.

Game seed: 12212381293202726270

6 Azzok the Chopper (level 1, -2/18 HPs)
             Began as a Demonspawn Berserker on June 9, 2021.
             Was a Follower of Trog.
             Slain by a quokka (5 damage)
             ... on level 1 of the Dungeon.
             The game lasted 00:00:14 (310 turns).

Azzok the Chopper (Demonspawn Berserker)             Turns: 310, Time: 00:00:14

Health: -2/18      AC:  2    Str: 17    XL:     1   Next: 75%
Magic:  1/1        EV: 12    Int:  8    God:    Trog [*.....]
Gold:   0          SH:  0    Dex: 12    Spells: 0/0 levels left

rFire    . . .     SeeInvis .   a - +0 hand axe
rCold    . . .     Faith    .   (no shield)
rNeg     . . .     Spirit   .   b - +0 animal skin
rPois    .         Reflect  .   (no helmet)
rElec    .         Harm     .   (no cloak)
rCorr    .         Rampage  .   (no gloves)
Will     .....                  (no boots)
Stlth    +.........             (no amulet)
HPRegen  0.06/turn              (no ring)
MPRegen  0.07/turn              (no ring)

@: no status effects
A: no striking features
a: Renounce Religion, Berserk


You were on level 1 of the Dungeon.
You worshipped Trog.
Trog was aware of your devotion.
You visited 1 branch of the dungeon, and saw 1 of its levels.

Inventory:

Hand Weapons
 a - a +0 hand axe (weapon)
Armour
 b - a +0 animal skin (worn)
Scrolls
 c - a scroll of enchant weapon {unknown}


   Skills:
 - Level 3.0 Fighting
 + Level 3.1 Axes
 - Level 1.7 Armour
 - Level 1.7 Dodging


You couldn't memorise any spells.
You didn't know any spells.
Your spell library was empty.

Dungeon Overview and Level Annotations

Branches:
Dungeon (1/15)

Altars:


Message History

You see here a giant cockroach corpse.
A goblin comes into view. It is wielding a +0 club.
The goblin hits you with a +0 club.
You barely miss the goblin. The goblin hits you with a +0 club.
You hit the goblin.
The goblin is moderately wounded.
The goblin barely misses you.
You hit the goblin.
You kill the goblin!
Trog accepts your kill.
You see here a +0 club.
Found an escape hatch in the floor.
Found a scroll labelled YPPOSUR METEI.
c - a scroll labelled YPPOSUR METEI A quokka comes into view.
The quokka twitches its whiskers.
The quokka closely misses you.
You hit the quokka.
The quokka is moderately wounded.
The quokka misses you.
You completely miss the quokka.
The quokka is moderately wounded.
The quokka misses you.
You hit the quokka but do no damage.
The quokka is moderately wounded.
The quokka bites you. x2
You hit the quokka.
The quokka is heavily wounded.
The quokka bites you.
You hit the quokka but do no damage.
The quokka is heavily wounded.
The quokka bites you.
You barely miss the quokka.
The quokka is heavily wounded.
The quokka bites you. x2
* * * LOW HITPOINT WARNING * * *
You barely miss the quokka.
The quokka is heavily wounded.
The quokka bites you.
You die...

▒▒ ·· ▒· ▒·
▒▒▒▒▒▒·▒▒▒▒▒▒▒▒
········r······
▒@▒ ▒·▒ ▒·▒
▒·▒▒ ▒··▒ ▒▒·▒
▒·▒ ▒·▒▒ ▒··▒


You could see a quokka.

Vanquished Creatures
  2 giant cockroaches (D:1)
  2 hobgoblins (D:1)
  A goblin (D:1)
5 creatures vanquished.

Notes
Turn   | Place    | Note
-------+----------+-------------------------------------------
     0 | D:1      | Azzok the Demonspawn Berserker began the quest for the Orb.
     0 | D:1      | Reached XP level 1. HP: 18/18 MP: 1/1
   310 | D:1      | Slain by a quokka

Illustrated notes

Levels and vault maps discovered:
D:1:      minmay_arrival_widening_spiral_wide, layout_basic, minmay_surrounded

Skill      XL: |  1 |
---------------+----+-----
Axes           | 3 |  3.1
Fighting       | |  3.0
Armour         | |  1.7
Dodging        | |  1.7

Action                   || total
-------------------------++-------
Melee: Hand axe          ||    20
Dodge: Dodged            ||    12

Table legend: (Time is in decaauts)
 A = Elapsed time spent in this place.
 B = Non-inter-level travel time spent in this place.
 C = Inter-level travel time spent in this place.
 D = Time resting spent in this place.
 E = Time spent auto-exploring this place.
 F = Levels seen in this place.
 G = Mean time per level.
                   A        B        C        D        E       F      G
               +--------+--------+--------+--------+--------+-----+--------+
         Total |    312 |    312 |      0 |      0 |    265 |   1 |  312.0 |
       Dungeon |    312 |    312 |      0 |      0 |    265 |   1 |  312.0 |
               +--------+--------+--------+--------+--------+-----+--------+

Top non-repeatable levels by time:
     D:1: 312 daAuts
